 Dungeon Crawl Stone Soup version 0.17.0-28-g6e173f8 (webtiles) character file.

102 kosy22 the Skirmisher (level 4, -5/41 HPs)
             Began as a Hill Orc Fighter on Nov 29, 2015.
             Killed from afar by a white imp (6 damage)
             ... with a puff of frost
             ... summoned by Natasha
             ... on level 2 of the Dungeon.
             The game lasted 00:02:48 (999 turns).

kosy22 the Skirmisher (Hill Orc Fighter)             Turns: 999, Time: 00:02:49

Health: -5/41      AC:  9    Str: 19    XL:     4   Next: 77%
Magic:  4/4        EV:  7    Int: 13    God:
Gold:   76         SH:  9    Dex: 10    Spells: 0 memorised, 3 levels left

rFire  . . .     SeeInvis .     m - wand of polymorph (7)
rCold  . . .     Clarity  .     b - +0 scale mail
rNeg   . . .     SustAt   .     c - +0 shield
rPois  .         Gourm    .     k - +0 helmet
rElec  .         Spirit   .     i - +0 cloak
rCorr  .         Warding  .     (no gloves)
rMut   .         Stasis   .     (no boots)
MR     .....                    (no amulet)
Stlth  ..........               (no ring)
                                (no ring)

@: brilliant, not resistant to hostile enchantments, extremely unstealthy
A: no striking features
a: no special abilities


You were on level 2 of the Dungeon.
You were not hungry.

You visited 1 branch of the dungeon, and saw 2 of its levels.

You collected 76 gold pieces.

Inventory:

Hand Weapons
 a - a +1 war axe
Armour
 b - a +0 scale mail (worn)
 c - a +0 shield (worn)
 i - a +0 cloak (worn)
 k - a +0 helmet (worn)
Jewellery
 h - an uncursed ring of protection from magic {unknown}
 o - a cursed ring of loudness {unknown}
 q - a +1 ring of evasion {unknown}
Wands
 m - a wand of polymorph (7) (in hand)
Scrolls
 f - a scroll of fear
 p - a scroll of identify {unknown}
 r - a scroll of remove curse
 t - a scroll of blinking {unknown}
Potions
 d - a potion of might
Comestibles
 e - a bread ration
 g - a beef jerky
 j - 2 fruits
 l - a meat ration
 n - a royal jelly


   Skills:
 + Level 4.6 Fighting
 + Level 3.8 Axes
 + Level 3.8 Armour
 + Level 1.0 Dodging
 + Level 3.8 Shields


You had 3 spell levels left.
You didn't know any spells.

Dungeon Overview and Level Annotations

Branches:
Dungeon (2/15)

Altars:

Annotations:
D:2 Natasha


Message History

Natasha resists with some effort.
Evoking this partially-identified wand wasted a few charges.
Natasha casts a spell at you. You resist with some effort.
Zapping:
m - a wand of polymorph {zapped: 3} (will waste charges)
Press: ? - help, Shift-Dir - straight line, f - iron imp, p - Natasha
Aim: an iron imp (summoned, chance to defeat MR: 54%)
The iron imp evaporates and reforms as a shadow imp!
Evoking this partially-identified wand wasted a few charges.
Natasha zaps a wand.
The puff of frost hits you!
* * * LOW HITPOINT WARNING * * *
Drink which item? (? for menu, Esc to quit)
It was a potion of brilliance.
You feel clever all of a sudden. The shadow imp gestures at you.
Pain shoots through your body!
* * * LOW HITPOINT WARNING * * *
The white imp gestures at you. The puff of frost hits you!
You die...

#. #.. ### ...####.##
.....#...##
..##......#
..........#
...#.....@# ##....5#
## #....$# .# #
#.h5..# .# #.##...##
.# #....†####### .#
####.).......
.#############....(...
............)......[..


You could see Natasha, a white imp and a shadow imp.

Vanquished Creatures
  Terence (D:2)
  Natasha (D:2)
  Robin (D:2)
  A giant gecko (D:1)
  14 goblins
  10 hobgoblins
  3 bats
  3 giant cockroaches
  2 giant newts
  3 kobolds
  A rat (D:1)
40 creatures vanquished.

Notes
Turn   | Place    | Note
--------------------------------------------------------------
     0 | D:1      | kosy22 the Hill Orc Fighter began the quest for the Orb.
     0 | D:1      | Reached XP level 1. HP: 19/19 MP: 1/1
   145 | D:1      | Reached XP level 2. HP: 27/27 MP: 2/2
   698 | D:2      | Noticed Terence
   699 | D:2      | Noticed Robin
   704 | D:2      | Reached skill level 4 in Fighting
   728 | D:2      | Reached XP level 3. HP: 25/33 MP: 3/3
   746 | D:2      | Killed Robin
   780 | D:2      | Killed Terence
   780 | D:2      | Reached XP level 4. HP: 36/41 MP: 4/4
   899 | D:2      | Noticed Natasha
   910 | D:2      | Killed Natasha
   910 | D:2      | Reached skill level 1 in Dodging
   988 | D:2      | Noticed Natasha
   999 | D:2      | HP: 1/41 [shadow imp/nerve-wracking pain[Natasha] (4)]
   999 | D:2      | Killed from afar by a white imp

Action                   |  1- 3 |  4- 6 || total
-------------------------+-------+-------++-------
Melee: War axe           |    76 |    50 ||   126
Evoke: Wand              |       |     2 ||     2
  Use: Scroll            |     4 |     1 ||     5
       Potion            |       |     1 ||     1
  Eat: Bread ration      |       |     1 ||     1
